| TOP OF THE 1ST |
|
Salinas Fire Frogs batting - Pitching for Reno Silver Sox : RHP Rodger Cole
|
|
Pitching: RHP Rodger Cole
|
|
|
Batting: RHB Bobby Morin
|
0-0: Ball 1-0: Foul Ball, location: 2F 1-1: Foul Ball, location: 2F 1-2: Ball 2-2: DOUBLE (Flyball, 8RXD, EV 102.5 MPH)
|
|
Batting: RHB Carlos Urias
|
0-0: Ball 1-0: Foul Ball, location: 2F 1-1: Ground out 6-3 (Groundball, 6, EV 109.4 MPH)
|
|
Batting: RHB Kevin Mitchell
|
0-0: Called Strike 0-1: Ball 1-1: 2-RUN HOME RUN (Flyball, 7LD, EV 90.0 MPH), Distance : 364 ft
|
|
Batting: LHB Daryl Pitts
|
0-0: Called Strike 0-1: Called Strike 0-2: Ball 1-2: Strikes out swinging
|
|
Batting: RHB Bruce Morrison
|
0-0: Called Strike 0-1: Ball 1-1: Ground out 5-3 (Groundball, 56, EV 99.4 MPH)
|
| Top of the 1st over - 2 runs, 2 hits, 0 errors, 0 left on base; Salinas 2 - Reno 0 |
| BOTTOM OF THE 1ST |
|
Reno Silver Sox batting - Pitching for Salinas Fire Frogs : RHP Francisco Baeza
|
|
Pitching: RHP Francisco Baeza
|
|
|
Batting: RHB Lemmie Miller
|
0-0: SINGLE (Line Drive, 5D, EV 94.4 MPH)
|
|
Batting: RHB Rod Hobbs
|
0-0: Called Strike 0-1: Swinging Strike 0-2: Ball 1-2: Ball 2-2: SINGLE (Line Drive, 9S, EV 84.4 MPH) Lemmie Miller to second Runner from 2nd tries for 3rd, SAFE, no throw by RF
|
|
Batting: LHB Victor Diaz
|
0-0: Grounds into double play, 6-4-3 (Groundball, 6, EV 87.5 MPH) Lemmie Miller scores
|
|
Batting: LHB Mike Hocutt
|
0-0: Ball 1-0: SINGLE (Line Drive, 7S, EV 109.4 MPH)
|
|
Batting: RHB Bill Crone
|
0-0: Ball 1-0: Ball 2-0: Foul Ball, location: 2F 2-1: Ball 3-1: Base on Balls Mike Hocutt to second
|
|
Batting: SHB Grayling Tobias
|
0-0: Ball 1-0: Ground out 4-3 (Groundball, 34D, EV 98.1 MPH)
|
| Bottom of the 1st over - 1 run, 3 hits, 0 errors, 2 left on base; Salinas 2 - Reno 1 |
| TOP OF THE 2ND |
|
Salinas Fire Frogs batting - Pitching for Reno Silver Sox : RHP Rodger Cole
|
|
Batting: SHB Terry Raley
|
0-0: Ground out 4-3 (Groundball, 4, EV 91.3 MPH)
|
|
Batting: RHB Jordan Chavez
|
0-0: Ball 1-0: Ground out 6-3 (Groundball, 4MS, EV 68.1 MPH)
|
|
Batting: RHB Therron Harper
|
0-0: Ball 1-0: Swinging Strike 1-1: Swinging Strike 1-2: Foul Ball, location: 2F 1-2: Ball 2-2: Fly out, F3 (Popup, 23F, EV 84.4 MPH)
|
| Top of the 2nd over - 0 runs, 0 hits, 0 errors, 0 left on base; Salinas 2 - Reno 1 |
| BOTTOM OF THE 2ND |
|
Reno Silver Sox batting - Pitching for Salinas Fire Frogs : RHP Francisco Baeza
|
|
Batting: RHB Luis Cabanas
|
0-0: Swinging Strike 0-1: Ball 1-1: Swinging Strike 1-2: Ball 2-2: Fly out, F9 (Flyball, 89S, EV 88.1 MPH)
|
|
Batting: LHB Andrew Timko
|
0-0: Swinging Strike 0-1: Ball 1-1: Foul Ball, location: 2F 1-2: Ball 2-2: Ground out U3 (Groundball, 3, EV 81.9 MPH)
|
|
Batting: LHB Gregory Shirley
|
0-0: Called Strike 0-1: Called Strike 0-2: Foul Ball, location: 2F 0-2: Fly out, F8 (Flyball, 8RM, EV 93.1 MPH)
|
| Bottom of the 2nd over - 0 runs, 0 hits, 0 errors, 0 left on base; Salinas 2 - Reno 1 |
| TOP OF THE 3RD |
|
Salinas Fire Frogs batting - Pitching for Reno Silver Sox : RHP Rodger Cole
|
|
Batting: RHB Leon Doak
|
0-0: Called Strike 0-1: Called Strike 0-2: SINGLE (Line Drive, 7LM, EV 99.4 MPH)
|
|
Batting: RHB Bobby Morin
|
0-0: Ball 1-0: Called Strike 1-1: Ball 2-1: Grounds into double play, 6-4-3 (Groundball, 6, EV 98.8 MPH)
|
|
Batting: RHB Carlos Urias
|
0-0: Foul Ball, location: 2F 0-1: Ball 1-1: Ground out 4-3 (Groundball, 4, EV 111.3 MPH)
|
| Top of the 3rd over - 0 runs, 1 hit, 0 errors, 0 left on base; Salinas 2 - Reno 1 |
| BOTTOM OF THE 3RD |
|
Reno Silver Sox batting - Pitching for Salinas Fire Frogs : RHP Francisco Baeza
|
|
Batting: RHB Lemmie Miller
|
0-0: Foul Ball, location: 2F 0-1: Called Strike 0-2: Ball 1-2: Ball 2-2: Foul Ball, location: 2F 2-2: Ground out 6-3 (Groundball, 6, EV 105.0 MPH)
|
|
Batting: RHB Rod Hobbs
|
0-0: Ball 1-0: DOUBLE (Line Drive, 89M, EV 112.5 MPH)
|
|
Batting: LHB Victor Diaz
|
0-0: Ground out 6-3 (Groundball, 6, EV 76.9 MPH) Rod Hobbs to third
|
|
Batting: LHB Mike Hocutt
|
0-0: Called Strike 0-1: Swinging Strike 0-2: Strikes out looking
|
| Bottom of the 3rd over - 0 runs, 1 hit, 0 errors, 1 left on base; Salinas 2 - Reno 1 |
| TOP OF THE 4TH |
|
Salinas Fire Frogs batting - Pitching for Reno Silver Sox : RHP Rodger Cole
|
|
Batting: RHB Kevin Mitchell
|
0-0: Called Strike 0-1: Ball 1-1: Ball 2-1: Ball 3-1: Fly out, F8 (Flyball, 8RS, EV 75.0 MPH)
|
|
Batting: LHB Daryl Pitts
|
0-0: Called Strike 0-1: Ball 1-1: Fly out, F9 (Flyball, 9LM, EV 95.6 MPH)
|
|
Batting: RHB Bruce Morrison
|
0-0: Fly out, F7 (Flyball, 7D, EV 91.9 MPH)
|
| Top of the 4th over - 0 runs, 0 hits, 0 errors, 0 left on base; Salinas 2 - Reno 1 |
| BOTTOM OF THE 4TH |
|
Reno Silver Sox batting - Pitching for Salinas Fire Frogs : RHP Francisco Baeza
|
|
Batting: RHB Bill Crone
|
0-0: Ball 1-0: Ball 2-0: Called Strike 2-1: Ball 3-1: Called Strike 3-2: SINGLE (Line Drive, 9S, EV 96.3 MPH)
|
|
Batting: SHB Grayling Tobias
|
0-0: Called Strike 0-1: Swinging Strike 0-2: Ball 1-2: Ball 2-2: Grounds into double play, 5-4-3 (Groundball, 56S, EV 84.4 MPH)
|
|
Batting: RHB Luis Cabanas
|
0-0: Called Strike 0-1: Ball 1-1: Ball 2-1: Ball 3-1: Base on Balls
|
|
Batting: LHB Andrew Timko
|
0-0: Foul Ball, location: 2F 0-1: Fly out, F3 (Line Drive, 3, EV 72.5 MPH)
|
| Bottom of the 4th over - 0 runs, 1 hit, 0 errors, 1 left on base; Salinas 2 - Reno 1 |
| TOP OF THE 5TH |
|
Salinas Fire Frogs batting - Pitching for Reno Silver Sox : RHP Rodger Cole
|
|
Batting: SHB Terry Raley
|
0-0: Foul Ball, location: 2F 0-1: Foul Ball, location: 2F 0-2: Strikes out swinging
|
|
Batting: RHB Jordan Chavez
|
0-0: Swinging Strike 0-1: Called Strike 0-2: Ball 1-2: Ball 2-2: Foul Ball, location: 2F 2-2: Ball 3-2: Ground out U3 (Groundball, 34S, EV 88.8 MPH)
|
|
Batting: RHB Therron Harper
|
0-0: Ball 1-0: Ball 2-0: Foul Ball, location: 2F 2-1: Ball 3-1: Ground out 5-3 (Groundball, 56S, EV 80.0 MPH)
|
| Top of the 5th over - 0 runs, 0 hits, 0 errors, 0 left on base; Salinas 2 - Reno 1 |
| BOTTOM OF THE 5TH |
|
Reno Silver Sox batting - Pitching for Salinas Fire Frogs : RHP Francisco Baeza
|
|
Batting: LHB Gregory Shirley
|
0-0: Ball 1-0: Ball 2-0: Swinging Strike 2-1: Ball 3-1: Base on Balls
|
|
Batting: RHB Lemmie Miller
|
0-0: SINGLE (Groundball, 6S, EV 74.4 MPH) (infield hit) Gregory Shirley to second
|
|
Batting: RHB Rod Hobbs
|
0-0: Fielders Choice at 2nd, 4-6 (Groundball, 4M, EV 109.4 MPH) Gregory Shirley to third
|
|
Batting: LHB Victor Diaz
|
0-0: Ball 1-0: Foul Ball, location: 2F 1-1: Foul Ball, location: 2F 1-2: Foul Ball, location: 2F 1-2: Ball 2-2: Foul Ball, location: 2F 2-2: SINGLE (Groundball, 34D, EV 103.1 MPH) (infield hit) Gregory Shirley scores Rod Hobbs to second
|
|
Batting: LHB Mike Hocutt
|
0-0: Foul Ball, location: 2F 0-1: Fly out, F8 (Flyball, 78M, EV 93.1 MPH)
|
|
Batting: RHB Bill Crone
|
0-0: Ball 1-0: Ball 2-0: Ball 3-0: Base on Balls Rod Hobbs to third Victor Diaz to second
|
|
Batting: SHB Grayling Tobias
|
0-0: Ball 1-0: Ball 2-0: Ball 3-0: Base on Balls Rod Hobbs scores Victor Diaz to third Bill Crone to second
|
|
Batting: RHB Luis Cabanas
|
0-0: Foul Ball, location: 2F 0-1: Foul Ball, location: 2F 0-2: Fly out, F7 (Flyball, 7S, EV 83.8 MPH)
|
| Bottom of the 5th over - 2 runs, 2 hits, 0 errors, 3 left on base; Salinas 2 - Reno 3 |
| TOP OF THE 6TH |
|
Salinas Fire Frogs batting - Pitching for Reno Silver Sox : RHP Rodger Cole
|
|
Now in LF: Eddie Brunson
|
|
|
Batting: RHB Leon Doak
|
0-0: Ball 1-0: Ball 2-0: Called Strike 2-1: Foul Ball, location: 2F 2-2: Ball 3-2: Base on Balls
|
|
Batting: RHB Bobby Morin
|
0-0: Ball 1-0: Bunt missed! 1-1: Bunted foul 1-2: Fielders Choice at 2nd, 4-6 (Groundball, 4MD, EV 104.4 MPH)
|
|
Batting: RHB Carlos Urias
|
0-0: Called Strike 0-1: Foul Ball, location: 2F 0-2: Ball 1-2: Strikes out swinging
|
|
Batting: RHB Kevin Mitchell
|
0-0: Ball 1-0: DOUBLE (Line Drive, 89XD, EV 105.0 MPH) Bobby Morin to third Runner from 3rd tries for Home, SAFE, throw by RF to trailing runner, SAFE at third!
|
|
Batting: LHB Daryl Pitts
|
0-0: Ball 1-0: Called Strike 1-1: Ball 2-1: Ground out 3-1 (Groundball, 13, EV 82.5 MPH)
|
| Top of the 6th over - 1 run, 1 hit, 0 errors, 1 left on base; Salinas 3 - Reno 3 |
| BOTTOM OF THE 6TH |
|
Reno Silver Sox batting - Pitching for Salinas Fire Frogs : RHP Francisco Baeza
|
|
Batting: LHB Andrew Timko
|
0-0: Called Strike 0-1: Fly out, F8 (Flyball, 78D, EV 90.0 MPH)
|
|
Batting: LHB Gregory Shirley
|
0-0: Ground out 2-3 (Groundball, 2L, EV 68.8 MPH)
|
|
Batting: RHB Eddie Brunson
|
0-0: Fly out, F8 (Flyball, 8RXD, EV 103.8 MPH)
|
| Bottom of the 6th over - 0 runs, 0 hits, 0 errors, 0 left on base; Salinas 3 - Reno 3 |
| TOP OF THE 7TH |
|
Salinas Fire Frogs batting - Pitching for Reno Silver Sox : RHP Rodger Cole
|
|
Batting: RHB Bruce Morrison
|
0-0: Ground out 3-1 (Groundball, 34, EV 76.9 MPH)
|
|
Batting: SHB Terry Raley
|
0-0: Called Strike 0-1: Ball 1-1: Ground out 6-3 (Groundball, 6, EV 86.3 MPH)
|
|
Batting: RHB Jordan Chavez
|
0-0: Called Strike 0-1: Ball 1-1: Ball 2-1: Ball 3-1: Ground out 4-3 (Groundball, 34, EV 98.8 MPH)
|
| Top of the 7th over - 0 runs, 0 hits, 0 errors, 0 left on base; Salinas 3 - Reno 3 |
| BOTTOM OF THE 7TH |
|
Reno Silver Sox batting - Pitching for Salinas Fire Frogs : RHP Francisco Baeza
|
|
Batting: RHB Rod Hobbs
|
0-0: Ball 1-0: Swinging Strike 1-1: Foul Ball, location: 2F 1-2: Ball 2-2: Ball 3-2: Strikes out swinging
|
|
Batting: LHB Victor Diaz
|
0-0: Ball 1-0: Ball 2-0: Ball 3-0: Called Strike 3-1: Swinging Strike 3-2: Foul Ball, location: 2F 3-2: Base on Balls
|
|
Batting: LHB Mike Hocutt
|
0-0: Ball 1-0: Ball 2-0: Foul Ball, location: 2F 2-1: Called Strike 2-2: Ball 3-2: SINGLE (Flyball, 89S, EV 89.4 MPH) Victor Diaz to second Runner from 2nd tries for 3rd, SAFE, no throw by RF
|
|
Batting: RHB Bill Crone
|
0-0: Ball Wild Pitch! Victor Diaz scores Mike Hocutt to second 1-0: Foul Ball, location: 2F 1-1: Ground out 4-3 (Groundball, 4, EV 83.1 MPH) Mike Hocutt to third
|
|
Batting: SHB Grayling Tobias
|
0-0: Intentional Walk
|
|
Batting: RHB Luis Cabanas
|
0-0: Ball 1-0: Ball 2-0: Called Strike 2-1: SINGLE (Line Drive, 4M, EV 105.6 MPH) Mike Hocutt scores Grayling Tobias to second Runner from 2nd tries for 3rd, SAFE, no throw by CF
|
|
Pitching: RHP Thomas Schneider
|
|
|
Batting: LHB Andrew Timko
|
0-0: Foul Ball, location: 2F 0-1: Foul Ball, location: 2F 0-2: Ground out U3 (Groundball, 3, EV 94.4 MPH)
|
| Bottom of the 7th over - 2 runs, 2 hits, 0 errors, 2 left on base; Salinas 3 - Reno 5 |
| TOP OF THE 8TH |
|
Salinas Fire Frogs batting - Pitching for Reno Silver Sox : RHP Rodger Cole
|
|
Batting: RHB Therron Harper
|
0-0: Ball 1-0: Ground out 5-3 (Groundball, 56, EV 86.9 MPH)
|
|
Batting: RHB Leon Doak
|
0-0: Called Strike 0-1: Ball 1-1: Ball 2-1: Fly out, F7 (Flyball, 7LS, EV 93.1 MPH)
|
|
Batting: RHB Bobby Morin
|
0-0: Ground out 6-3 (Groundball, 6M, EV 84.4 MPH)
|
| Top of the 8th over - 0 runs, 0 hits, 0 errors, 0 left on base; Salinas 3 - Reno 5 |
| BOTTOM OF THE 8TH |
|
Reno Silver Sox batting - Pitching for Salinas Fire Frogs : RHP Thomas Schneider
|
|
Batting: LHB Gregory Shirley
|
0-0: Ball 1-0: Called Strike 1-1: Called Strike 1-2: Ground out U3 (Groundball, 3S, EV 65.0 MPH)
|
|
Batting: RHB Eddie Brunson
|
0-0: Foul Ball, location: 2F 0-1: Called Strike 0-2: Ball 1-2: Foul Ball, location: 2F 1-2: Ball 2-2: Strikes out swinging
|
|
Batting: RHB Rod Hobbs
|
0-0: Ball 1-0: Ground out 5-3 (Groundball, 5, EV 101.3 MPH)
|
| Bottom of the 8th over - 0 runs, 0 hits, 0 errors, 0 left on base; Salinas 3 - Reno 5 |
| TOP OF THE 9TH |
|
Salinas Fire Frogs batting - Pitching for Reno Silver Sox : RHP Rodger Cole
|
|
Pitching: RHP Juan Arias
|
|
|
Batting: RHB Carlos Urias
|
0-0: Ball 1-0: Fly out, F8 (Flyball, 8LD, EV 99.4 MPH)
|
|
Batting: RHB Kevin Mitchell
|
0-0: Ball 1-0: Foul Ball, location: 2F 1-1: Fly out, F4 (Line Drive, 4, EV 65.0 MPH)
|
|
Batting: LHB Daryl Pitts
|
0-0: Ball 1-0: Ball 2-0: Called Strike 2-1: DOUBLE (Line Drive, 9LM, EV 110.0 MPH)
|
|
Batting: RHB Bruce Morrison
|
0-0: Ball 1-0: Foul Ball, location: 2F 1-1: DOUBLE (Line Drive, 89XD, EV 101.3 MPH) Daryl Pitts scores
|
|
Batting: SHB Terry Raley
|
0-0: Foul Ball, location: 2F 0-1: SINGLE (Line Drive, 56D, EV 97.5 MPH) Bruce Morrison to third Runner from 3rd tries for Home, SAFE, throw by LF to home
|
|
Pinch Hitting: LHB Kent Keiser
|
0-0: Ball 1-0: Fly out, F7 (Flyball, 7LD, EV 79.4 MPH)
|
| Top of the 9th over - 2 runs, 3 hits, 0 errors, 1 left on base; Salinas 5 - Reno 5 |
| BOTTOM OF THE 9TH |
|
Reno Silver Sox batting - Pitching for Salinas Fire Frogs : RHP Thomas Schneider
|
|
Now at 2B: Richard Vitato
|
|
|
Batting: LHB Victor Diaz
|
0-0: Swinging Strike 0-1: Ball 1-1: Swinging Strike 1-2: DOUBLE (Flyball, 89D, EV 90.6 MPH)
|
|
Batting: LHB Mike Hocutt
|
0-0: Intentional Walk
|
|
Batting: RHB Bill Crone
|
0-0: Ball 1-0: Fielders Choice at 2nd, 3-6 (Groundball, 13, EV 91.3 MPH) Victor Diaz to third
|
|
Batting: SHB Grayling Tobias
|
0-0: Reached on error, E6 (Flyball, 5D, EV 77.5 MPH) Victor Diaz scores
|
| Bottom of the 9th over - 1 run, 1 hit, 1 error, 0 left on base; Salinas 5 - Reno 6 |
|